 Dungeon Crawl Stone Soup version 0.21-a0-510-g5070ee8bc0 (webtiles) character file.

311 Brujo888 the Firebug (level 6, -1/32 HPs)
             Began as a Deep Elf Fire Elementalist on Dec 1, 2017.
             Slain by a bullfrog (5 damage)
             ... on level 6 of the Dungeon.
             The game lasted 00:13:32 (3001 turns).

Brujo888 the Firebug (Deep Elf Fire Elementalist)   Turns: 3001, Time: 00:13:33

Health: -1/32      AC:  2    Str:  5    XL:     6   Next: 18%
Magic:  10/15      EV: 12    Int: 22    God:
Gold:   116        SH:  0    Dex:  9    Spells: 9/15 levels left

rFire    . . .     SeeInvis .   f - -3 whip (curse)
rCold    . . .     Gourm    .   (no shield)
rNeg     . . .     Faith    .   a - +0 robe
rPois    .         Spirit   .   (no helmet)
rElec    .         Reflect  .   (no cloak)
rCorr    .         Harm     .   (no gloves)
MR       .....                  (no boots)
Stlth    ++........             m - amulet of rage
HPRegen  0.10/turn              j - ring of flight
MPRegen  0.14/turn              i - -6 ring of dexterity (curse)

@: no status effects
A: no striking features
a: Evoke Berserk Rage, Evoke Flight


You were on level 6 of the Dungeon.
You were hungry.

You visited 1 branch of the dungeon, and saw 4 of its levels.

You collected 116 gold pieces.

Inventory:

Hand Weapons
 d - a +1 dagger
 f - a cursed -3 whip (weapon)
 o - a +0 hunting sling
Missiles
 e - 45 arrows
 h - 27 sling bullets
 q - 8 poisoned needles
 x - 2 needles of confusion
 z - 24 bolts
Armour
 a - a +0 robe (worn)
 r - the cursed +0 ring mail of the Game of Life {rPois Str+8 Int-2, unknown}
   (You found it on level 6 of the Dungeon)

   It affects your strength (+8).
   It affects your intelligence (-2).
   It protects you from poison.
   It has a curse placed upon it.
Jewellery
 i - a cursed -6 ring of dexterity (right hand)
 j - a ring of flight (left hand)
 m - an amulet of rage (around neck)
Wands
 u - a wand of flame (27)
 y - a wand of iceblast (4)
Scrolls
 p - a scroll of enchant weapon
Potions
 s - 2 potions of curing
 t - a potion of lignification {unknown}
 v - a potion of cancellation
 w - a potion of brilliance {unknown}
Books
 b - a book of Flames

   Spells                             Type                      Level
   a - Flame Tongue                   Conjuration/Fire             1
   b - Throw Flame                    Conjuration/Fire             2
   c - Conjure Flame                  Conjuration/Fire             3
   d - Inner Flame                    Hexes/Fire                   3
   e - Sticky Flame                   Conjuration/Fire             4
   f - Fireball                       Conjuration/Fire             5
Comestibles
 c - 4 bread rations
 g - a fruit
 l - 2 royal jellies


   Skills:
 + Level 2.7 Dodging
 - Level 2.4 Stealth
 + Level 5.0 Spellcasting
 + Level 2.9 Conjurations
 * Level 6.1 Fire Magic


You had 9 spell levels left.
You knew the following spells:

 Your Spells              Type           Power        Failure   Level  Hunger
a - Flame Tongue          Conj/Fire      ####.        1%          1    None
b - Throw Flame           Conj/Fire      ####..       2%          2    None
c - Conjure Flame         Conj/Fire      ####....     4%          3    ##.....


Dungeon Overview and Level Annotations

Branches:
Dungeon (3/15)

Altars:
Yredelemnul


Message History

The puff of flame hits the centaur.
The centaur is moderately wounded.
The centaur hits you!
The jackal bites you but does no damage.
The orc hits you with a morningstar.
* * * LOW HITPOINT WARNING * * *
The centaur wields an uncursed shortbow.
The centaur shoots an arrow.
The arrow closely misses you. The worker ant completely misses you.
The worker ant closely misses you.
The jackal bites you but does no damage.
The worker ant barely misses you. The orc hits you with a morningstar.
* * * LOW HITPOINT WARNING * * *
The jackal misses you.
The orc wizard casts a spell.
The orc wizard blinks!
The orc wizard hits you with a dagger.
* * * LOW HITPOINT WARNING * * *
The bullfrog hits you.
You die...

#######
########.......
##.§oaoh@.#
##.§§§ocFo.#
#.§§§§§§....#
#.o§o§§§....#
#.F§§§§.....#
##....§.......
.....#.....##.
....F######..
.....o. #.


You could see an orc warrior, a bullfrog, a centaur, a worker ant, an orc
wizard, 3 orcs and a jackal.

Vanquished Creatures
  Sigmund (D:2)
  Jessica (D:3)
  Terence (D:2)
  2 adders (D:2)
  An ooze (D:1)
  3 worms
  A dart slug (D:1)
  2 leopard geckos
  An orc (D:3)
  A ball python (D:1)
  6 giant cockroaches
  9 goblins
  7 hobgoblins
  6 jackals
  6 bats (D:1)
  A frilled lizard (D:2)
  7 kobolds
  9 rats
65 creatures vanquished.

Notes
Turn   | Place    | Note
-------+----------+-------------------------------------------
     0 | D:1      | Brujo888 the Deep Elf Fire Elementalist began the quest for the Orb.
     0 | D:1      | Reached XP level 1. HP: 10/10 MP: 6/6
   221 | D:1      | Reached XP level 2. HP: 8/15 MP: 8/8
   225 | D:1      | Learned a level 2 spell: Throw Flame
   295 | D:1      | Reached skill level 4 in Fire Magic
   922 | D:1      | Reached XP level 3. HP: 19/19 MP: 7/9
   927 | D:1      | Learned a level 3 spell: Conjure Flame
  1664 | D:2      | Found a faded altar of an unknown god.
  1731 | D:2      | Noticed Terence
  1751 | D:2      | Killed Terence
  1751 | D:2      | Reached XP level 4. HP: 24/24 MP: 4/11
  1855 | D:2      | Reached skill level 5 in Fire Magic
  2133 | D:2      | Noticed Sigmund
  2148 | D:2      | HP: 1/24 [Sigmund/puff of flame (8)]
  2167 | D:2      | Found a basalt altar of Yredelemnul.
  2556 | D:2      | Killed Sigmund
  2556 | D:2      | Reached skill level 6 in Fire Magic
  2556 | D:2      | Reached XP level 5. HP: 21/28 MP: 2/14
  2720 | D:3      | Noticed Jessica
  2722 | D:3      | Killed Jessica
  2722 | D:3      | Reached skill level 5 in Spellcasting
  2722 | D:3      | Reached XP level 6. HP: 32/32 MP: 13/15
  2984 | D:3      | You fall through a shaft for 3 floors!
  2988 | D:6      | Noticed an orc warrior
  2992 | D:6      | Got an ichor-stained ring mail
  3001 | D:6      | Slain by a bullfrog

Vault maps used:
D:1:      dpeg_arrival_subterranean_lakeside_camping
D:2:      lemuel_doored_altar, first_bread,
          chequers_ecumenical_altar_simple_redux, uniq_terence, uniq_sigmund
D:3:      mrwooster_statue_mirror, roderic_lattice_a, led_xom_imps, uniq_jessica
D:6:      marbit_many_paths, minitemple, serial_shops, shop

Skill      XL: |  1  2  3  4  5 |
---------------+----------------+-----
Fire Magic     | 4 6 |  6.1
Spellcasting   | 4 5 |  5.0
Conjurations   | 2 |  2.9
Dodging        | |  2.7
Stealth        | |  2.4

Action                   |  1- 3 |  4- 6 || total
-------------------------+-------+-------++-------
Melee: Dagger            |    14 |       ||    14
       Whip              |    12 |       ||    12
 Cast: Flame Tongue      |    62 |    57 ||   119
       Throw Flame       |     8 |     3 ||    11
       Conjure Flame     |     2 |     3 ||     5
  Use: Scroll            |     2 |     6 ||     8
       Potion            |       |     3 ||     3
  Eat: Chunk             |     3 |     3 ||     6
Armor: Robe              |     7 |     5 ||    12
Dodge: Dodged            |    36 |    17 ||    53

Table legend:
 A = Spawn XP
 B = Non-spawn XP
 C = Spawn XP percentage of total XP
 D = Spawn monster count
 E = Non-spawn monster count
 F = Spawn count percentage of total count
 G = Total turns spent on level
                    A         B        C        D         E        F      G
               +---------+---------+-------+---------+---------+-------+---------
         Total |       0 |     445 |   0.0 |       0 |      65 |   0.0 |  3001
               +---------+---------+-------+---------+---------+-------+---------
           D:1 |       0 |      43 |   0.0 |       0 |      24 |   0.0 |  1199
           D:2 |       0 |     334 |   0.0 |       0 |      26 |   0.0 |  1521
           D:3 |       0 |      64 |   0.0 |       0 |      13 |   0.0 |   264
           D:6 |       0 |       4 |   0.0 |       0 |       2 |   0.0 |    17
               +---------+---------+-------+---------+---------+-------+---------
